 Dungeon Crawl Stone Soup version 0.31.0-11-ge490571c62 (webtiles) character file.

Game seed: 12888576852883070017

202738 Flugkiller the Metallomancer (level 19, -7/112 HPs)
             Began as a Gargoyle Earth Elementalist on Jan 26, 2024.
             Was a High Priest of Vehumet.
             Killed from afar by a salamander tyrant (38 damage)
             ... with a flame surge
             ... on level 3 of a ziggurat.
             The game lasted 01:51:19 (39710 turns).

Flugkiller the Metallomancer (GrEE)                Turns: 39710, Time: 01:51:19

Health: -7/112     AC: 26    Str: 16    XL:     19   Next: 3%
Magic:  35/50      EV: 11    Int: 23    God:    Vehumet [*****.]
Gold:   6          SH:  0    Dex: 15    Spells: 8/55 levels left

rFire   . . .        X - staff of earth
rCold   . . .        x - orb {guile}
rNeg    + . .        J - +0 troll leather armour
rPois   ∞            M - +2 helmet
rElec   +            (no cloak)
rCorr   .            E - +2 pair of gloves
SInv    .            A - +2 pair of boots
Will    .....        w - amulet "Ateu" {RegenMP Dex+5}
Stlth   ++           (no ring)
HPRegen 1.18/turn    Z - ring of Bedyfun {MP+9 Str+3}
MPRegen 0.72/turn

%: no passive effects
@: weakened, forested, flying
A: sickness immunity, AC +14, big wings, negative energy resistance 1,
electricity resistance, torment resistance 1, petrification resistance
a: Renounce Religion


You were on level 3 of a ziggurat.
You worshipped Vehumet.
Vehumet was extremely pleased with you.
You visited 4 branches of the dungeon, and saw 21 of its levels.
You visited 1 bazaar.
You visited 1 ziggurat, and saw 3 of its levels.

You collected 2010 gold pieces.
You spent 2004 gold pieces at shops.

Inventory:

Hand Weapons
 o - a +2 morningstar of distortion
   (You took it off an orc on level 8 of the Dungeon)
 G - the +9 dagger of Narrow Duty {heavy, rPois rN++ Int-2 Dex+3}
   (You took it off a spriggan berserker on level 2 of the Depths)

   Int-2:     It affects your intelligence (-2).
   Dex+3:     It affects your dexterity (+3).
   rPois:     It protects you from poison rN++: It greatly protects you from
   negative energy.
Missiles
 W - 3 throwing nets (quivered)
Armour
 j - a +1 leather armour of fire resistance
   (You took it off a tengu conjurer on level 2 of the Depths)
 l - the +2 ring mail of Ceshru {rC+}
   (You found it on level 3 of the Depths)

   rC+:       It protects you from cold.
 x - an orb of guile (worn)
   (You found it on level 4 of the Dungeon)
 A - a +2 pair of boots (worn)
   (You found it on level 4 of the Dungeon)
 E - a +2 pair of gloves (worn)
   (You found it on level 6 of the Dungeon)
 J - a +0 troll leather armour (worn)
   (You found it on level 10 of the Dungeon)
 M - a +2 helmet (worn)
   (You found it on level 5 of the Dungeon)
 O - +0 shadow dragon scales
   (You found it on level 3 of the Depths)
 V - a +2 buckler of protection
   (You took it off a tengu warrior on level 14 of the Dungeon)
Magical Staves
 X - a staff of earth (weapon)
   (You found it on level 3 of the Dungeon)
Jewellery
 b - a +6 ring of intelligence
   (You bought it in a shop in a bazaar)
 c - a ring of resist corrosion
   (You found it on level 2 of the Dungeon)
 f - a ring of protection from fire
   (You found it on level 14 of the Dungeon)
 p - a +4 ring of protection
   (You found it on level 7 of the Dungeon)
 w - the amulet "Ateu" (around neck) {RegenMP Dex+5}
   (You found it on level 2 of a ziggurat)

   [amulet of magic regeneration]

   RegenMP:   It increases your rate of magic regeneration.
   Dex+5:     It affects your dexterity (+5).
 R - a ring of wizardry
   (You took it off a spriggan defender on level 2 of the Depths)
 U - an amulet of regeneration
   (You found it on level 15 of the Dungeon)
 Z - the ring of Bedyfun (right hand) {MP+9 Str+3}
   (You found it on level 15 of the Dungeon)

   [ring of magical power]

   Str+3:     It affects your strength (+3).
   MP+9:      It affects your magic capacity (+9).
Wands
 k - a wand of iceblast (15)
   (You found it on level 3 of the Dungeon)
 u - a wand of charming (12)
   (You found it on level 2 of the Depths)
 C - a wand of mindburst (8)
   (You found it on level 2 of the Depths)
 D - a wand of digging (1)
   (You found it on level 7 of the Dungeon)
 H - a wand of polymorph (6)
   (You found it on level 2 of the Depths)
Scrolls
 a - 2 scrolls of fog
 i - 3 scrolls of revelation
 m - 3 scrolls of immolation
 r - 8 scrolls of identify
 s - 5 scrolls of vulnerability
 t - 2 scrolls of teleportation
 v - 2 scrolls of poison
 z - 4 scrolls of blinking
 I - a scroll of silence
 L - a scroll of enchant armour
 S - 3 scrolls of fear
 T - a scroll of butterflies
Potions
 d - 5 potions of might
 e - 5 potions of brilliance
 g - 3 potions of berserk rage
 h - 3 potions of haste
 n - a potion of resistance
 q - 6 potions of curing
 B - 6 potions of attraction
 F - 4 potions of enlightenment
 K - a potion of experience {unknown}
 N - 2 potions of lignification
 P - 4 potions of mutation
 Q - a potion of invisibility
Miscellaneous
 y - a phantom mirror (inert)
   (You found it on level 15 of the Dungeon)
 Y - a phial of floods
   (You found it on level 15 of the Dungeon)


   Skills:
 - Level 10.0 Fighting
 - Level 1.5 Dodging
 - Level 2.1 Stealth
 - Level 18.6 Spellcasting
 - Level 13.0 Conjurations
 + Level 11.4 Summonings
 - Level 22.3 Earth Magic
 - Level 6.0 Evocations


You had 8 spell levels left.
You knew the following spells:

 Your Spells              Type           Power      Damage    Failure   Level
a - Sandblast             Erth           100%       2d20      0%          1
b - Stone Arrow           Conj/Erth      100%       3d13      0%          3
c - Petrify               Alch/Erth      83%        N/A       1%          4
d - Lee's Rapid Deconstr  Erth           56%        3d26*     0%          5
e - Passwall              Erth           100%       N/A       0%          3
f - Spellforged Servitor  Conj/Summ      33%        N/A       4%          7
g - Bombard               Conj/Erth      50%        9d8       1%          6
h - Borgnjor's Vile Clut  Necr/Erth      41%        N/A       1%          5
i - Summon Horrible Thin  Summ           32%        N/A       87%         8
j - Summon Forest         Summ/Tloc      23%        N/A       8%          5

Your spell library contained the following spells:

 Spells                   Type           Power      Damage    Failure   Level
 Sticky Flame             Fire/Alch      21%        2d6       8%          4
 Brom's Barrelling Bould  Conj/Erth      100%       2d11      0%          4
 Foxfire                  Conj/Fire      100%       2x1d9     1%          1
 Sting                    Conj/Alch      100%       1d9       1%          1
 Summon Small Mammal      Summ           100%       N/A       1%          1
 Mercury Vapours          Alch/Air       42%        N/A       1%          2
 Static Discharge         Conj/Air       100%       3-8/arc   1%          2
 Mephitic Cloud           Conj/Alch/Air  41%        N/A       1%          3
 Leda's Liquefaction      Alch/Erth      41%        N/A       1%          4
 Frozen Ramparts          Ice            42%        1d7       2%          3
 Martyr's Knell           Necr/Summ      47%        N/A       2%          4
 Summon Lightning Spire   Summ/Air       47%        N/A       2%          4
 Apportation              Tloc           42%        N/A       3%          1
 Necrotise                Necr           84%        1d8       3%          1
 Freezing Cloud           Conj/Ice/Air   20%        6-21      3%          5
 Summon Cactus Giant      Summ           32%        N/A       4%          6
 Airstrike                Air            10%        2d(2-18)  8%          4
 Summon Mana Viper        Hex/Summ       47%        N/A       8%          5
 Vampiric Draining        Necr           21%        2d7       9%          3
 Conjure Ball Lightning   Conj/Air       25%        3x3d7     9%          6
 Starburst                Conj/Fire      25%        6d8       9%          6
 Animate Dead             Necr           21%        N/A       28%         4
 Curse of Agony           Necr           21%        N/A       63%         5
 Metabolic Englaciation   Hex/Ice        10%        N/A       63%         5
 Plasma Beam              Fire/Air       10%        2x1d21    71%         6
 Malign Gateway           Summ/Tloc      23%        N/A       93%         7
 Death Channel            Necr           10%        N/A       99%         6
 Discord                  Hex            10%        N/A       100%        8
 Disjunction              Tloc           10%        N/A       100%        8


Dungeon Overview and Level Annotations

Branches:
Dungeon (15/15) Zot: 18831  Temple (1/1) D:6 Zot: 5992    Lair (0/5) D:8
    Orc (0/2) D:10         Vaults (0/5) D:13         Depths (4/4) D:15 Zot: 7661
   Hell (visited)             Dis (0/7) Hell            Geh (0/7) Hell
    Coc (0/7) Hell            Tar (0/7) Hell            Zot (0/5) Depths:4

Altars:
Ashenzari
Cheibriados
Dithmenos
Elyvilon
Fedhas
Gozag
Hepliaklqana
Kikubaaqudgha
Makhleb
Nemelex Xobeh
Okawaru
Qazlal
Ru
Sif Muna
Trog
Uskayaw
Vehumet
Wu Jian
Xom
Yredelemnul
Zin
The Shining One

Shops:
D:2 ?   D:6 (   D:9 *

Portals:
Hell: Depths:1 Depths:2 Depths:3 Depths:4
Abyss: Depths:1 Depths:2 Depths:3
Pandemonium: Depths:2

Annotations:
Temple 4 transporters
Abyss:1 Frances


Innate Abilities, Weirdness & Mutations

You are immune to sickness and miasma.
Your stone body is resilient. (AC +14)
You are immune to poison.
Your large and strong wings let you fly.
You resist negative energy. (rN+)
You are resistant to electric shocks. (rElec)
You are resistant to unholy torment.
You are immune to petrification.


Message History

You resist.
Unknown command.
Casting: Borgnjor's Vile Clutch (mildly dangerous; 1% risk of failure)
Confirm with . or Enter, or press ? or * to list all spells.
Aiming: Borgnjor's Vile Clutch (mildly dangerous; 1% risk of failure)
Press: ? - help, Shift-Dir - straight line, f - salamander tyrant
Aim: a salamander tyrant (ally target, 100% to hit)
You feel a surge of power!
Your spellforged servitor is unaffected.
Zombie hands grab the guardian serpent.
Zombie hands grab the salamander tyrant.
The zombie hands constrict the salamander tyrant.
The zombie hands constrict the guardian serpent! x2
The guardian serpent struggles to escape constriction.
The salamander tyrant gazes fiercely through you!
You feel your attacks grow feeble.
The salamander tyrant escapes!
The guardian serpent hits your spellforged servitor but does no damage.
Your spellforged servitor gestures at the guardian serpent while chanting.
The iron shot hits the guardian serpent!
Your dryad hits the guardian serpent but does no damage.
The guardian serpent struggles to escape constriction.
Unknown command.
Unknown command.
Casting: Borgnjor's Vile Clutch (mildly dangerous; 1% risk of failure)
Confirm with . or Enter, or press ? or * to list all spells.
Aiming: Borgnjor's Vile Clutch (mildly dangerous; 1% risk of failure)
Press: ? - help, Shift-Dir - straight line, f/p - salamander tyrant
Aim: a salamander tyrant (lightly wounded, ally target, 100% to hit)
You feel a surge of power!
Your spellforged servitor is unaffected.
The guardian serpent is unaffected.
Zombie hands grab the salamander tyrant.
The zombie hands constrict the salamander tyrant!
The zombie hands constrict the guardian serpent.
The zombie hands constrict the guardian serpent!
The guardian serpent completely misses your dryad.
The salamander tyrant gazes fiercely through you!
You feel as though you will be weak longer.
The salamander tyrant struggles to escape constriction.
The guardian serpent struggles to escape constriction.
The guardian serpent hits your dryad!!
Your dryad hits the guardian serpent!
Unknown command.
The zombie hands constrict the salamander tyrant!
The zombie hands constrict the guardian serpent!
You kill the guardian serpent!
Vehumet accepts your kill.
You feel your power returning.
The zombie hands constrict the guardian serpent!
The guardian serpent struggles to escape constriction.
The salamander tyrant calls gouts of flame from the lava!
The flame surge hits you!!
Your spellforged servitor gestures at the guardian serpent while chanting.
The iron shot hits the guardian serpent!
The guardian serpent dies!
Vehumet accepts your kill.
Your spellforged servitor is knocked back by the blast.
There is an empty arch of ancient stone here.
What are your orders? t - Shout!
Orders for allies: a - Attack new target. p - Attack previous target. r - Retreat! s - Stop attacking. g - Guard the area. f - Follow me.
Anything else - Cancel.
Gang up on whom?
Press: ? - help, Dir - move target, f/p - salamander tyrant
Aim: a salamander tyrant (moderately wounded, constricted by zombie hands, ally target) Attack!
The zombie hands constrict the salamander tyrant!
The salamander tyrant calls gouts of flame from the lava!
The flame surge hits you!
* * * LOW HITPOINT WARNING * * *
The flame surge hits your spellforged servitor.
Your spellforged servitor resists.
The naga spits poison at you. The splash of poison misses your dryad.
The splash of poison hits your spellforged servitor.
Your spellforged servitor completely resists.
Unknown command.
Unknown command.
Unknown command.
You feel better.
The zombie hands constrict the salamander tyrant!
The salamander tyrant calls gouts of flame from the lava!
The flame surge hits you!
* * * LOW HITPOINT WARNING * * *
The flame surge hits your spellforged servitor.
Your spellforged servitor resists.
The naga hits your dryad with a +0 trident.
The naga barely misses your dryad.
You're wearing all the rings you can.
Remove which one? (? for menu, Esc to cancel) < or
b - a +6 ring of intelligence > or
Z - the ring of Bedyfun {MP+9 Str+3} You remove your +6 ring of intelligence.
You feel stupid.
The zombie hands constrict the salamander tyrant.
The salamander tyrant calls gouts of flame from the lava!
The flame surge hits you!!!
You die...

▓▓▓▓▓▓▓▓▓
▓▓.......▓
▓▓.........
▓▓≈....N...?
▓.@.9†.RN..)
▓▓≈.........
▓▓.........
▓▓.......▓
▓▓▓▓▓▓▓▓▓


You could see a salamander tyrant (clutched, ally target), a naga (catching
breath), a friendly spellforged servitor (summoned) and a friendly dryad
(summoned).

Vanquished Creatures
  A juggernaut (Depths:3)
  Geryon (Hell)
  A golden dragon (Depths:4)
  2 doom hounds
  An iron giant (Hell)
  A lich (Depths:3)
  A walking frostbound tome (Depths:2)
  A titan (Depths:2)
  A searing wretch (Hell)
  A sphinx (D:15)
  3 storm dragons (Depths:4)
  2 shadow dragons (Depths:3)
  Agnes (D:14)
  2 tengu reavers (Depths:3)
  A draconian monk (Depths:4)
  4 frost giants
  A draconian scorcher (Depths:4)
  An iron dragon (Depths:2)
  3 fire giants
  3 reapers (Hell)
  30 very ugly things
  11 stone giants
  2 spriggan defenders
  2 vampire knights (Depths:2)
  A black draconian (Depths:4)
  Nessos (D:14)
  Azrael (D:13)
  A dire elephant (D:15)
  7 spark wasps
  Snorg (D:14)
  2 purple draconians (Depths:4)
  8 ettins
  A blizzard demon (Hell)
  3 iron golems (Hell)
  A merfolk javelineer (Depths:4)
  10 fire dragons
  A spriggan zombie (Depths:2)
  A quicksilver dragon skeleton (Depths:2)
  7 ice dragons
  3 hydras
  5 rakshasas
  9 spriggan air magi
  An ogre mage (D:15)
  2 centaur warriors
  5 two-headed ogres
  4 deep troll shamans
  A stoker (Hell)
  4 boulder beetles
  5 tengu warriors
  4 spriggan berserkers
  2 vampire magi (Depths:1)
  A spriggan (Depths:1)
  5 deep troll earth magi
  9 hell knights
  5 sun demons
  4 skeletal warriors
  8 iron trolls
  A death drake (shapeshifter) (D:13)
  A sixfirhy (Depths:2)
  3 glowing orange brains
  2 flayed ghosts
  An arcanist (D:13)
  10 deep trolls
  A harpy (D:15)
  A harpy (shapeshifter) (D:13)
  Pikel (D:7)
  A deep elf pyromancer (D:13)
  A tengu skeleton (Depths:2)
  A deep elf zephyrmancer (D:15)
  5 necromancers
  19 ugly things
  A faun (shapeshifter) (Depths:3)
  5 cyclopes
  4 manticores
  An alligator skeleton (Hell)
  A moth of wrath (shapeshifter) (D:13)
  A nameless horror (Hell)
  A salamander (D:14)
  A fire giant skeleton (Depths:2)
  5 slime creatures
  A smoke demon (Depths:2)
  2 guardian serpents (Zig:3)
  A rust devil (Depths:2)
  6 gargoyles
  2 ice statues (Hell)
  A hellion (Depths:2)
  2 freezing wraiths
  2 komodo dragons
  4 tengu conjurers
  3 trolls
  4 hornets
  Grinder (D:5)
  5 glass eyes
  2 shadows
  2 wraiths
  2 wyverns
  3 fire elementals (D:12)
  2 water elementals
  A golden eye (shapeshifter) (D:10)
  2 steam dragons
  17 vampire mosquitoes
  3 swamp worms (D:8)
  2 acid dragons
  A water moccasin (D:6)
  6 hell hounds
  An ice beast (D:5)
  An ogre (D:15)
  3 orc warriors
  2 sky beasts
  A black bear (D:7)
  The ghost of Skimidon the Trooper, an amateur DsFi (D:3)
  4 centaurs
  3 phantoms
  2 bullfrogs
  5 scorpions
  11 wights
  9 howler monkeys
  A bombardier beetle (D:5)
  7 hounds
  2 jellies
  3 orc priests
  A sleepcap (D:4)
  6 iguanas
  Terence (D:3)
  6 orc wizards
  A mummy (Zig:1)
  14 gnolls
  7 adders
  A shadow imp (D:8)
  A white imp (D:5)
  2 dart slugs
  2 ribbon worms (D:3)
  24 orcs
  5 ball pythons
  4 bats
  8 endoplasms
  A giant cockroach (D:4)
  13 goblins
  8 hobgoblins
  6 jackals (D:3)
  5 quokkas
  4 frilled lizards
  9 kobolds
  4 rats
534 creatures vanquished.

Vanquished Creatures (collateral kills)
  A dread lich (Zig:2)
  5 searing wretches (Hell)
  A titan (Depths:4)
  2 fire giants
  A balrug (Hell)
  3 very ugly things (Depths:4)
  2 stone giants (Depths:4)
  A purple draconian (Depths:4)
  An iron golem (Hell)
  2 blizzard demons (Hell)
  An ettin (Depths:4)
  A merfolk impaler (Depths:4)
  An ice dragon (Hell)
  A death scarab (Zig:1)
  A tengu warrior (D:14)
  3 soul eaters (Hell)
  4 sun demons
  2 iron trolls (Hell)
  2 alligator zombies (Hell)
  2 anaconda skeletons (Hell)
  A guardian serpent (Zig:3)
  4 rust devils (Hell)
  2 sea snake zombies (Hell)
  2 freezing wraiths (Hell)
  A red devil (Hell)
  A sea snake skeleton (Hell)
  2 nameless horrors (Depths:4)
  5 water elementals
  An acid dragon (D:14)
  2 hell hounds (Hell)
  2 mummies (Zig:1)
60 creatures vanquished.

Vanquished Creatures (others)
  A vampire (D:13)
  A creeping inferno (Hell)
  A fire vortex (Hell)
3 creatures vanquished.

Grand Total: 597 creatures vanquished

Notes
Turn   | Place    | Note
-------+----------+-------------------------------------------
     0 | D:1      | Flugkiller the Gargoyle Earth Elementalist began the quest
                  | for the Orb.
     0 | D:1      | Reached XP level 1. HP: 10/10 MP: 3/3
   135 | D:1      | Reached skill level 4 in Earth Magic
   135 | D:1      | Reached XP level 2. HP: 15/15 MP: 3/5
   861 | D:2      | Reached XP level 3. HP: 19/19 MP: 1/7
   931 | D:2      | Found Dulerito's Magic Scroll Boutique.
   989 | D:2      | Reached XP level 4. HP: 24/24 MP: 5/8
  1238 | D:2      | Reached skill level 5 in Earth Magic
  1398 | D:2      | Identified the +0 ring mail "Izil" {rElec}
  1644 | D:3      | Found a runed translucent gate.
  1644 | D:3      | Found a runed translucent gate.
  1644 | D:3      | Noticed Skimidon's ghost (amateur DsFi)
  1679 | D:3      | Found a runed translucent gate.
  2182 | D:3      | Noticed Terence
  2188 | D:3      | Killed Terence
  2189 | D:3      | Reached XP level 5. HP: 23/28 MP: 5/10
  2493 | D:4      | Reached skill level 6 in Earth Magic
  2534 | D:4      | Reached XP level 6. HP: 25/32 MP: 4/12
  2975 | D:4      | Reached XP level 7. HP: 36/36 MP: 12/14
  2980 | D:4      | Reached skill level 5 in Spellcasting
  2980 | D:4      | Reached skill level 7 in Earth Magic
  3485 | D:5      | Entered Level 5 of the Dungeon
  3499 | D:4      | Learned a level 3 spell: Stone Arrow
  3553 | D:5      | Noticed Grinder
  3567 | D:5      | Killed Grinder
  3568 | D:5      | Reached skill level 8 in Earth Magic
  3623 | D:5      | Reached XP level 8. HP: 41/41 MP: 12/17
  3907 | D:5      | Reached skill level 9 in Earth Magic
  4231 | D:6      | Found a staircase to the Ecumenical Temple.
  4237 | Temple   | Found a transporter.
  4237 | Temple   | Found a transporter.
  4237 | Temple   | Found a transporter.
  4237 | Temple   | Found a transporter.
  4237 | Temple   | Entered the Ecumenical Temple
  4497 | D:6      | Reached skill level 10 in Earth Magic
  4497 | D:6      | Reached XP level 9. HP: 43/45 MP: 14/20
  4668 | D:6      | Found Tapauppa's Antique Weapon Emporium.
  4886 | D:7      | Noticed Pikel
  4902 | D:7      | Killed Pikel
  4903 | D:7      | Reached skill level 11 in Earth Magic
  5536 | D:8      | Reached skill level 12 in Earth Magic
  5543 | D:8      | Noticed a two-headed ogre
  5613 | D:8      | Found a hazy altar of Hepliaklqana.
  5707 | D:8      | Reached XP level 10. HP: 13/50 MP: 20/23
  6207 | D:8      | Reached skill level 1 in Fighting
  6314 | D:8      | Found a staircase to the Lair.
  6651 | D:9      | Found Jushre's Assorted Antiques.
  6664 | D:9      | Found a radiant altar of Vehumet.
  6668 | D:9      | Became a worshipper of Vehumet
  6763 | D:9      | Noticed a cyclops
  6784 | D:9      | Killed a cyclops
  6898 | D:9      | Reached skill level 13 in Earth Magic
  6903 | D:9      | Reached skill level 10 in Spellcasting
  6952 | D:9      | Identified the +7 trident of Poich {chaos, rElec rN++
                  | Will-}
  7672 | D:10     | Entered Level 10 of the Dungeon
  7705 | D:10     | Found a staircase to the Orcish Mines.
  7741 | D:10     | Noticed a two-headed ogre
  7952 | D:10     | Reached * piety under Vehumet
  7952 | D:10     | Offered knowledge of Magic Dart by Vehumet.
  7991 | D:10     | Learned a level 4 spell: Petrify
  8055 | D:10     | Reached skill level 5 in Fighting
  8055 | D:10     | Reached XP level 11. HP: 53/63 MP: 12/25
  8098 | D:10     | Killed a two-headed ogre
  8103 | D:10     | Identified the +2 ring mail of Eternal Vigilance {^Drain
                  | *Slow Fly Stlth+}
  8120 | D:10     | Found an ancient bone altar of Kikubaaqudgha.
  8303 | D:2      | Bought a scroll of acquirement for 572 gold pieces
  8996 | D:11     | Reached skill level 14 in Earth Magic
  9500 | D:11     | Found a glowing golden altar of the Shining One.
  9624 | D:12     | Noticed a cyan ugly thing
  9648 | D:12     | Killed a cyan ugly thing
  9967 | D:12     | Noticed Azrael
 10111 | D:12     | Noticed a boulder beetle
 10237 | D:12     | Killed a boulder beetle
 10752 | D:12     | Noticed a boulder beetle
 10761 | D:12     | Killed a boulder beetle
 10762 | D:12     | Reached skill level 15 in Earth Magic
 10762 | D:12     | Reached XP level 12. HP: 57/73 MP: 0/27
 10919 | D:13     | Noticed a five-headed hydra
 10942 | D:13     | Killed a five-headed hydra
 10980 | D:13     | Reached ** piety under Vehumet
 11043 | D:13     | Noticed an entropy weaver
 11044 | D:13     | Found a gate to the Vaults.
 11124 | D:13     | Noticed a tengu warrior
 11143 | D:13     | Banished a tengu warrior
 11154 | D:13     | Offered knowledge of Kiss of Death by Vehumet.
 11334 | D:12     | Acquired a book of the Earth
 11342 | D:12     | Learned a level 5 spell: Lee's Rapid Deconstruction
 11735 | D:13     | Reached skill level 16 in Earth Magic
 11932 | D:13     | Reached skill level 10 in Fighting
 12261 | D:13     | Killed Azrael
 12633 | D:14     | Reached XP level 13. HP: 80/82 MP: 26/29
 12652 | D:14     | Noticed Agnes
 12667 | D:14     | Noticed Nessos
 12684 | D:15     | Entered Level 15 of the Dungeon
 12684 | D:15     | Noticed a fire dragon
 12809 | D:15     | Noticed a fire dragon
 12810 | D:15     | Noticed a fire dragon
 12833 | D:15     | Offered knowledge of Static Discharge by Vehumet.
 13014 | D:14     | Noticed Snorg
 13171 | D:14     | Killed Agnes
 13173 | D:14     | Killed Snorg
 13184 | D:14     | Reached skill level 17 in Earth Magic
 13315 | D:14     | Killed Nessos
 13687 | D:14     | Noticed Frances
 13695 | D:14     | Banished Frances
 14066 | D:15     | Reached *** piety under Vehumet
 14069 | D:15     | Found a staircase to the Depths.
 14069 | D:15     | Noticed a dire elephant
 14845 | D:15     | Reached skill level 18 in Earth Magic
 15241 | D:15     | Killed a dire elephant
 15513 | D:15     | Gained mutation: Your large and strong wings let you fly.
                  | [Gargoyle growth]
 15513 | D:15     | Reached XP level 14. HP: 54/88 MP: 23/32
 15642 | D:15     | Identified the ring of Bedyfun {MP+9 Str+3}
 16041 | D:15     | Offered knowledge of Airstrike by Vehumet.
 16340 | D:15     | Reached skill level 19 in Earth Magic
 16663 | D:15     | Found a staircase to the Depths.
 17137 | D:15     | Reached skill level 1 in Evocations
 17362 | Depths:1 | Entered Level 1 of the Depths
 17924 | Depths:1 | Noticed a fire giant
 17938 | Depths:1 | Killed a fire giant
 17939 | Depths:1 | Reached skill level 5 in Evocations
 17946 | Depths:1 | Noticed a sphinx
 18020 | Depths:1 | Paralysed by a sphinx for 4 turns
 18029 | D:15     | Killed a sphinx
 18147 | Depths:1 | Reached skill level 15 in Spellcasting
 18201 | Depths:1 | Noticed a stone giant
 18881 | D:15     | Found a staircase to the Depths.
 19208 | Depths:1 | Learned a level 3 spell: Passwall
 19427 | Depths:1 | Killed a stone giant
 20385 | Depths:1 | Found a one-way gateway to a ziggurat.
 20552 | Depths:1 | Found a one-way gate to the infinite horrors of the Abyss.
 20585 | Depths:1 | Noticed a stone giant
 20817 | Depths:1 | Reached **** piety under Vehumet
 20818 | Depths:1 | Reached XP level 15. HP: 91/92 MP: 19/35
 21260 | Depths:1 | Found a gateway to Hell.
 21516 | Depths:1 | Offered knowledge of Fulminant Prism by Vehumet.
 23168 | D:3      | Killed Skimidon's ghost
 24766 | Depths:2 | Found a one-way gate leading to the halls of Pandemonium.
 25134 | Depths:2 | Noticed a frost giant
 25534 | Depths:2 | Noticed a frost giant
 25550 | Depths:2 | Killed a frost giant
 25837 | Depths:2 | Noticed a frost giant
 25847 | Depths:2 | Killed a frost giant
 26576 | Depths:1 | Reached skill level 20 in Earth Magic
 26956 | Depths:2 | Reached XP level 16. HP: 84/97 MP: 21/38
 27497 | Depths:2 | Paralysed by a vampire knight for 5 turns
 27744 | Depths:2 | Reached skill level 21 in Earth Magic
 28005 | Depths:2 | Identified the +9 dagger of Narrow Duty {heavy, rPois rN++
                  | Int-2 Dex+3}
 29074 | Depths:2 | Noticed a titan
 29074 | Depths:2 | Noticed a walking frostbound tome
 29084 | Depths:2 | Killed a walking frostbound tome
 29094 | Depths:2 | Killed a titan
 29966 | Depths:3 | Reached skill level 22 in Earth Magic
 30155 | Depths:3 | Noticed a shadow dragon
 30370 | Depths:2 | Reached ***** piety under Vehumet
 30620 | Depths:2 | Offered knowledge of Spellforged Servitor by Vehumet.
 30629 | Depths:2 | Learned a level 7 spell: Spellforged Servitor
 30684 | Depths:2 | Learned a level 6 spell: Bombard
 30741 | Depths:3 | Found a shadowy altar of Dithmenos.
 30877 | Depths:3 | Noticed a juggernaut
 30900 | Depths:3 | Reached skill level 1 in Summonings
 30904 | Depths:3 | Killed a juggernaut
 30905 | Depths:3 | Reached XP level 17. HP: 102/102 MP: 15/39
 31880 | Depths:3 | Reached skill level 5 in Conjurations
 32204 | Depths:3 | Found a blossoming altar of Fedhas.
 32282 | Depths:3 | Reached skill level 5 in Summonings
 33111 | Depths:3 | Identified the +8 mace "Miyrch" {holy, rPois}
 33616 | Depths:3 | Identified the +2 ring mail of Ceshru {rC+}
 33860 | Depths:3 | Noticed a lich
 33866 | Depths:3 | Killed a lich
 34028 | Depths:3 | Found a gateway to a bazaar.
 34640 | Depths:4 | Entered Level 4 of the Depths
 35250 | Depths:4 | Reached XP level 18. HP: 103/107 MP: 39/40
 35291 | Depths:4 | Noticed a titan
 35303 | Depths:4 | Killed a titan
 35811 | Depths:4 | Reached skill level 10 in Conjurations
 36001 | Depths:4 | Noticed a golden dragon
 36013 | Depths:4 | Killed a golden dragon
 36159 | Depths:4 | Found a gate to the Realm of Zot.
 36253 | Hell     | Entered the Vestibule of Hell
 36253 | Hell     | Noticed a doom hound
 36253 | Hell     | Noticed Geryon
 36278 | Depths:4 | Killed a doom hound
 36583 | Hell     | Noticed a doom hound
 36726 | Depths:3 | Killed a doom hound
 36784 | Hell     | Noticed a searing wretch
 36784 | Hell     | Noticed a searing wretch
 36878 | Hell     | Noticed a searing wretch
 36878 | Hell     | Noticed a searing wretch
 36905 | Hell     | HP: 3/107 [sun demon (7)]
 36906 | Hell     | Offered knowledge of Sticky Flame by Vehumet.
 37026 | Hell     | Found a gateway to the ashen valley of Gehenna.
 37048 | Hell     | Killed a searing wretch
 37074 | Hell     | Noticed a searing wretch
 37083 | Hell     | Killed a searing wretch
 37519 | Hell     | Killed a searing wretch
 37520 | Hell     | Reached skill level 10 in Summonings
 37680 | Hell     | Killed Geryon
 37709 | Hell     | Killed a searing wretch
 37932 | Hell     | Noticed an iron giant
 37979 | Hell     | Killed a searing wretch
 38052 | Hell     | Noticed a searing wretch
 38194 | Hell     | Killed a searing wretch
 38415 | Hell     | Killed an iron giant
 38518 | Hell     | Found a gateway to the decaying netherworld of Tartarus.
 38610 | Hell     | Found a gateway to the Iron City of Dis.
 39036 | Hell     | Found a gateway to the freezing wastes of Cocytus.
 39253 | Bazaar   | Entered a bazaar
 39255 | Bazaar   | Found Waoqet's Distillery.
 39258 | Bazaar   | Found Ronn's Book Boutique.
 39266 | Bazaar   | Found Ejajaodeke's Book Shop.
 39276 | Bazaar   | Found Ceruigh's Jewellery Shop.
 39365 | Bazaar   | Bought a book of Unlife for 504 gold pieces
 39365 | Bazaar   | Bought a Grand Grimoire for 476 gold pieces
 39375 | Bazaar   | Bought a +6 ring of intelligence for 324 gold pieces
 39385 | Bazaar   | Learned a level 5 spell: Borgnjor's Vile Clutch
 39404 | Bazaar   | Learned a level 8 spell: Summon Horrible Things
 39412 | Bazaar   | Bought 2 potions of brilliance for 128 gold pieces
 39533 | Depths:1 | Learned a level 5 spell: Summon Forest
 39565 | Zig:1    | Entered Level 1 of a ziggurat
 39595 | Zig:2    | Entered Level 2 of a ziggurat
 39599 | Zig:2    | Noticed a dread lich
 39608 | Zig:2    | Killed a dread lich
 39609 | Zig:2    | Reached XP level 19. HP: 112/112 MP: 26/41
 39626 | Zig:2    | Identified the amulet "Ateu" {RegenMP Dex+5}
 39697 | Zig:3    | Entered Level 3 of a ziggurat
 39710 | Zig:3    | Killed from afar by a salamander tyrant

Illustrated notes

Levels and vault maps discovered:
D:1:      dpeg_arrival_solitude, layout_basic
D:2:      layout_loops_ring, serial_shops, shop
D:3:      layout_basic, gammafunk_ghost_split, uniq_terence
D:4:      minmay_thinvault, layout_basic
D:5:      layout_cave_pools, serial_column_ruins, column_ruins_corridor_water,
          column_ruins_grid_1, column_ruins_corridor_corner,
          column_ruins_grid_2, uniq_grinder
D:6:      layout_loops_ring, minmay_temple_entry_arrows, serial_shops, shop
D:7:      layout_gridville, uniq_pikel
D:8:      layout_gridville, mainiacjoe_overflow_paths, david_lair_shrubbed,
          worms_lemuel
D:9:      layout_roguey, vehumet_crystals, serial_shops, shop,
          dk_rats_in_the_wall
D:10:     layout_cave_pools, mainiacjoe_overflow_brackets, orc_0_dummy
D:11:     layout_basic, kennysheep_nub, tso_altar
D:12:     layout_irregular_city, uniq_azrael
D:13:     layout_rooms, david_vaults_2
D:14:     layout_rooms, chequers_serial_rivers_micro_c, uniq_frances,
          uniq_nessos, uniq_snorg, uniq_agnes
D:15:     hangedman_depths_entry_try_elsewhere_first, layout_basic,
          nicolae_figureground_sparkle, minivault_12
Temple:   hellmonk_temple_divided_pantheon
Depths:1: layout_gridville, enter_ziggurat_f, dreamdust_wishing_well,
          abyss_entry_glasseish, grunt_hell_entry_dis_old, nicolae_the_louvre
Depths:2: grunt_deathspiral_large, layout_gridlike, rand_demon_pan_entry_4,
          hell_entry, abyss_entry, minmay_pinched_square
Depths:3: nicolae_hexawheel, layout_basic, fedhas_altar_3,
          pf_hell_entry_tar_spiral, serial_shops, statue_bzr,
          abyss_entry_crystal, grunt_dithmenos_smoke
Depths:4: evilmike_zot_entry_hall, layout_cave_pools, hell_entry, hex_large,
          lightli_minifort
Hell
Zig:3

Skill      XL: |  1  2  3  4  5  6  7  8  9 10 11 12 13 14 15 16 17 18 |
---------------+-------------------------------------------------------+-----
Earth Magic    | 4 5 6 8 10 12 13 15 16 18 19 20 22 | 22.3
Spellcasting   | 3 4 6 7 9 10 11 12 14 16 18 | 18.6
Fighting       | 5 8 10 | 10.0
Evocations     | 6 |  6.0
Conjurations   | 3 9 13 | 13.0
Summonings     | 2 7 11 | 11.4
Dodging        | |  1.5
Stealth        | |  2.1

Action                     |  1- 3 |  4- 6 |  7- 9 | 10-12 | 13-15 | 16-18 | 19-21 || total
---------------------------+-------+-------+-------+-------+-------+-------+-------++-------
  Melee: Dagger            |       |     4 |     5 |     2 |       |     3 |       ||    14
         Morningstar       |       |       |       |    59 |    94 |       |       ||   153
         Staff             |       |       |       |       |     1 |     6 |       ||     7
   Cast: Sandblast         |    29 |    92 |   132 |    44 |    30 |     8 |       ||   335
         Stone Arrow       |       |       |    11 |   184 |    59 |    21 |       ||   275
         Petrify           |       |       |       |     7 |   100 |    95 |       ||   202
         Lee's Rapid Decon |       |       |       |    31 |   339 |   388 |       ||   758
         Passwall          |       |       |       |       |     2 |     2 |       ||     4
         Spellforged Servi |       |       |       |       |       |    59 |     1 ||    60
         Bombard           |       |       |       |       |       |    49 |       ||    49
         Borgnjor's Vile C |       |       |       |       |       |     3 |     4 ||     7
         Summon Forest     |       |       |       |       |       |     1 |     1 ||     2
  Evoke: Wand              |       |       |     3 |       |     9 |    10 |       ||    22
         Phantom mirror    |       |       |       |       |     1 |     1 |       ||     2
    Use: Scroll            |     4 |     1 |     8 |    18 |    10 |    10 |       ||    51
         Potion            |       |       |       |       |     2 |    10 |     1 ||    13
   Stab: Petrified         |       |       |       |     6 |    23 |     2 |       ||    31
 Armour: Robe              |     4 |    54 |    50 |    70 |       |       |       ||   178
         Troll leather arm |       |       |       |   141 |   304 |   186 |     6 ||   637
         Ring mail         |       |       |       |       |       |    55 |       ||    55
  Dodge: Dodged            |     3 |    32 |    31 |   139 |   145 |    64 |       ||   414
  Block: Buckler           |       |       |       |       |     6 |     9 |       ||    15
